cohdb
Replays
Latest Replays
All Replays
Popular Replays
Top Player Replays
Match Explorer
How It Works
Community
CoH3 Stats
Reddit
Sign in to upload your games and track your stats! →
Sign in with Steam
Match 46083357
Unlisted
Match 46083357
Overview
Messages
Build Orders
End
250 Light Carrier
Panzergrenadier Squad
Panzergrenadier Squad
Construct Light Support Kompanie
Selects Panzerjäger Kommand Battlegroup
Selects GrB 39 Grenade Launcher Requisition
2.5-tonne Medical Truck
Panzergrenadier Squad
Fire Support Elements
Selects Mine Fields
le.IG 18 Mechanized Group
Panzergrenadier Squad
Pak 38 Anti-tank Gun Team
Construct Panzerarmee Kommand
Veteran Squad Leaders
Selects Crew Shock Tactics
Walking Stuka Rocket Launcher
Flak 36 Anti-tank Gun Team
Flakvierling Half-track
Vichunt_st
Dark Lord Cthulhu
Stealth
Royal Annihilator
0
0
Comments
sign in to comment!
No comments posted yet!